Map: Романтицид РВ

Players

ZeuSiNTHeaiR

  • Race: Terran Terran
  • League: Master
  • Spawn Location: 5:00

Kas - Winner!

  • Race: Terran Terran
  • League: Grandmaster
  • Spawn Location: 11:00

VOD

Have the link to the VOD?

Description

Time

  • Played on: Oct. 13, 2020, 2:24 p.m.
  • Length: 12:35
Show
View Real Time Build Order
Export as new Build Order

ZeuSiNTHeaiR Terran 

Build Orders: Reaper Expand 

Get SALT Encoding   

  12  0:00  SCV  
  13  0:12  SCV  
  14  0:17  Supply Depot  
  14  0:24  SCV  
  15  0:39  SCV  
  15  0:40  Barracks  
  16  0:43  Refinery  
  16  0:51  SCV  
  17  1:03  SCV  
  18  1:15  SCV  
  19  1:28  Orbital Command  
  19  1:30  Reaper  
  20  1:42  Command Center  
  19  1:54  SCV  
  20  2:02  Supply Depot, Reaper  
  20  2:07  SCV  
  22  2:13  Refinery  
  22  2:19  SCV  
  23  2:30  Factory  
  23  2:31  SCV  
  24  2:43  SCV  
  24  2:44  Barracks Reactor  
  25  2:55  SCV  
  25  2:57  Orbital Command  
  26  3:07  SCV  
  27  3:19  SCV  
  27  3:21  Marine x2  
  27  3:22  Bunker  
  27  3:24  Factory Tech Lab  
  27  3:25  SCV  
  30  3:27  Starport  
  30  3:31  SCV  
  31  3:37  SCV  
  31  3:39  Marine x2  
  34  3:43  SCV  
  34  3:44  Cyclone  
  38  3:49  SCV, Refinery  
  39  3:55  SCV  
  39  4:02  SCV  
  41  4:08  SCV  
  38  4:13  Marine x2  
  38  4:15  SCV  
  38  4:20  SCV, Command Center  
  39  4:26  Raven  
  39  4:27  SCV, Factory Tech Lab  
  42  4:32  SCV  
  42  4:34  Marine x2  
  45  4:38  Supply Depot  
  45  4:39  SCV  
  46  4:55  Barracks  
  46  4:56  Barracks  
  46  5:00  SCV, Marine x2, Siege Tank  
  46  5:03  SCV  
  52  5:09  Raven  
  52  5:12  SCV  
  52  5:16  SCV  
  52  5:23  Marine  
  52  5:24  Marine  
  54  5:29  SCV  
  54  5:30  SCV  
  53  5:38  Siege Tank  
  53  5:39  Orbital Command  
  53  5:41  SCV, Marine  
  53  5:42  Marine  
  59  5:43  SCV  
  59  5:45  Barracks Reactor  
  60  5:52  Supply Depot  
  60  5:53  SCV  
  60  5:55  SCV  
  60  5:59  Marine  
  60  6:01  Marine, Orbital Command  
  60  6:02  Stimpack  
  62  6:05  SCV, Marine  
  62  6:06  Starport Reactor  
  62  6:07  SCV  
  62  6:10  Supply Depot, Siege Tank  
  68  6:17  SCV  
  69  6:26  Supply Depot  
  69  6:31  SCV x3, Marine x4  
  76  6:34  Marine  
  77  6:43  SCV x2  
  77  6:45  Medivac  
  77  6:47  Medivac  
  83  6:49  Marine x3  
  82  6:56  SCV  
  82  7:07  SCV x2  
  84  7:09  Marine  
  84  7:10  Marine  
  84  7:11  Marine x2  
  84  7:12  Siege Tank  
  91  7:16  SCV  
  91  7:17  Refinery  
  91  7:19  Refinery  
  91  7:20  Marine  
  93  7:30  Medivac, Marine x2, Supply Depot  
  93  7:31  Supply Depot  
  93  7:32  Engineering Bay x2  
  97  7:37  Medivac  
  97  7:42  SCV  
  100  7:47  Refinery  
  100  7:48  SCV  
  99  7:53  Marine  
  99  7:54  SCV  
  99  7:56  Supply Depot  
  99  7:58  Terran Infantry Weapons Level 1, Terran Infantry Armor Level 1, Supply Depot  
  101  8:00  Missile Turret  
  101  8:15  Marine  
  101  8:16  Missile Turret  
  101  8:17  Siege Tank  
  101  8:18  SCV, Missile Turret  
  106  8:23  Marine  
  106  8:31  Marine  
  106  8:33  Marine  
  107  8:42  Marine  
  107  8:44  SCV  
  107  8:45  Marine  
  100  9:07  Marine x4  
  100  9:09  Marine  
  96  9:12  Siege Tank  
  96  9:14  Barracks  
  96  9:15  Barracks  
  97  9:21  Medivac x2  
  101  9:25  SCV, Marine x4  
  101  9:27  Marine, Armory  
  104  9:39  SCV  
  104  9:43  Marine x3  
  104  9:45  Marauder  
  110  9:50  Siege Tank  
  113  9:53  Medivac x2  
  113  9:54  SCV  
  113  9:55  SCV  
  103  10:02  Barracks Tech Lab x2  
  103  10:03  Combat Shield  
  95  10:09  SCV x3  
  98  10:16  Marauder  
  98  10:17  Terran Infantry Armor Level 2  
  100  10:23  SCV x2  
  100  10:26  Marauder  
  106  10:28  Marauder  
  106  10:37  Marauder  
  106  10:38  SCV  
  109  10:43  Marine x2, Concussive Shells  
  109  10:44  Marine  
  109  10:45  SCV  
  109  10:46  Supply Depot, Siege Tank  
  109  10:48  Marauder  
  118  10:50  Marauder  
  118  10:52  Marine  
  121  10:59  Marauder  
  121  11:01  Marine x2  
  121  11:03  SCV x2  
  123  11:08  SCV  
  123  11:09  Marauder  
  128  11:11  Marauder  
  128  11:15  SCV  
  128  11:17  Marine x2  
  131  11:20  Marauder  
  131  11:21  SCV  
  131  11:22  SCV  
  135  11:30  Marauder  
  136  11:32  Marauder  
  136  11:33  Siege Tank  
  136  11:38  Sensor Tower  
  139  11:41  Marauder  
  141  11:48  Supply Depot  
  141  11:51  Command Center, Supply Depot  
  141  11:56  Starport x2  
  141  11:57  Supply Depot  
  141  11:58  Supply Depot  
  141  12:09  SCV, Marine, Supply Depot  
  141  12:10  Marauder x3  
  141  12:12  Marine  
Show
View Real Time Build Order
Export as new Build Order

Kas Terran - Winner!

Build Orders: Gas First Reaper Expand, Hellion Banshee, Mech 

Get SALT Encoding   

  12  0:00  SCV  
  13  0:12  SCV  
  14  0:17  Supply Depot  
  14  0:24  SCV  
  14  0:28  Refinery  
  15  0:39  SCV  
  16  0:45  Barracks  
  16  0:51  SCV  
  17  1:03  SCV  
  18  1:15  SCV  
  19  1:31  Orbital Command  
  19  1:32  Reaper  
  20  1:51  Command Center  
  20  1:55  Factory  
  20  1:59  SCV  
  21  2:06  Refinery  
  21  2:07  Barracks Reactor  
  21  2:11  SCV  
  22  2:18  Supply Depot  
  22  2:26  SCV  
  23  2:35  Bunker  
  23  2:42  SCV  
  24  2:45  Starport  
  27  2:51  Hellion x2  
  27  2:54  SCV  
  28  3:05  Orbital Command  
  28  3:07  SCV  
  29  3:16  Hellion x2  
  33  3:23  SCV  
  33  3:24  Starport Tech Lab  
  34  3:28  Barracks Tech Lab  
  34  3:32  SCV  
  35  3:35  SCV  
  35  3:38  Supply Depot  
  36  3:42  Cloaking Field  
  36  3:44  SCV  
  36  3:47  Banshee  
  40  3:49  SCV  
  40  3:55  Hellion  
  43  3:57  Hellion  
  41  4:12  SCV  
  41  4:16  SCV  
  40  4:21  Hellion x2  
  42  4:24  SCV  
  42  4:29  SCV, Banshee  
  47  4:36  SCV  
  47  4:37  Supply Depot  
  48  4:41  SCV  
  49  4:47  Command Center  
  49  4:48  SCV  
  49  4:49  Cyclone  
  49  4:52  Refinery  
  53  4:53  SCV  
  53  4:54  Refinery  
  53  4:58  Marine x2  
  53  4:59  Supply Depot  
  56  5:00  SCV  
  56  5:05  SCV  
  58  5:13  SCV  
  59  5:16  Marine x2  
  59  5:17  SCV  
  62  5:23  Banshee  
  62  5:24  Siege Tank  
  62  5:25  SCV  
  66  5:34  SCV  
  59  5:37  SCV  
  59  5:39  Factory, Infernal Pre-Igniter  
  59  5:42  Supply Depot  
  60  5:43  Factory  
  60  5:46  SCV  
  60  5:49  SCV, Barracks Reactor  
  62  5:58  Siege Tank  
  62  5:59  SCV  
  62  6:01  SCV, Orbital Command  
  67  6:06  Banshee  
  67  6:11  SCV  
  71  6:13  SCV  
  71  6:14  Hyperflight Rotors  
  71  6:18  Refinery  
  72  6:23  SCV  
  72  6:24  Factory Tech Lab  
  72  6:25  SCV  
  74  6:26  SCV  
  74  6:27  Hellion x2  
  74  6:31  Refinery  
  79  6:35  SCV  
  79  6:36  Siege Tank  
  79  6:37  SCV  
  79  6:38  SCV  
  85  6:40  Supply Depot  
  85  6:45  Siege Tank  
  88  6:47  SCV, Supply Depot  
  88  6:49  SCV  
  88  6:50  SCV, Armory  
  91  6:59  SCV  
  92  7:01  SCV  
  92  7:03  SCV  
  92  7:06  Banshee  
  92  7:08  Supply Depot  
  91  7:12  Hellion x2  
  91  7:14  Engineering Bay, SCV, Command Center, Siege Tank  
  99  7:21  SCV  
  99  7:22  SCV  
  101  7:26  Siege Tank  
  101  7:27  SCV  
  101  7:28  Mag-Field Accelerator  
  105  7:33  SCV  
  105  7:34  Factory  
  106  7:38  Hellion  
  106  7:39  Hellion, Factory  
  106  7:41  SCV  
  106  7:42  SCV  
  112  7:45  SCV  
  112  7:46  Siege Tank  
  116  7:53  Banshee, SCV  
  117  7:59  Terran Vehicle Weapons Level 1  
  117  8:02  Supply Depot  
  117  8:04  Supply Depot  
  117  8:05  Supply Depot  
  117  8:09  Sensor Tower  
  117  8:11  Missile Turret  
  117  8:12  Sensor Tower  
  117  8:24  SCV x2, Missile Turret, Siege Tank, Cyclone  
  117  8:25  SCV, Planetary Fortress  
  117  8:26  Hellion x4  
  134  8:28  Refinery  
  131  8:36  SCV x2  
  131  8:38  SCV, Banshee  
  131  8:39  Factory Tech Lab  
  131  8:41  Refinery  
  137  8:47  Hellion x3  
  137  8:48  SCV x2  
  145  8:52  Missile Turret  
  141  9:00  Siege Tank  
  123  9:05  Siege Tank  
  123  9:06  Hellion x2  
  123  9:09  Hellion x2  
  117  9:10  Hellion  
  117  9:13  SCV x2  
  117  9:14  SCV  
  117  9:19  SCV  
  117  9:23  Banshee  
  121  9:25  SCV x2  
  121  9:26  SCV  
  124  9:31  SCV  
  124  9:32  Siege Tank  
  124  9:37  SCV, Factory Tech Lab, Refinery, Cyclone  
  124  9:38  SCV x2  
  133  9:39  Hellion x2  
  138  9:47  Missile Turret  
  138  9:50  Missile Turret  
  138  9:58  Hellion x3  
  138  9:59  SCV  
  134  10:01  Hellion  
  134  10:02  SCV x2  
  134  10:05  Cyclone  
  141  10:09  Cyclone  
  141  10:10  Factory  
  141  10:11  Factory  
  145  10:14  SCV x2  
  145  10:15  Sensor Tower  
  145  10:17  SCV x2  
  148  10:24  Supply Depot  
  148  10:26  SCV, Supply Depot  
  148  10:28  Supply Depot  
  149  10:29  Supply Depot  
  149  10:34  Banshee  
  152  10:36  Cyclone  
  155  10:45  Cyclone  
  155  10:46  Cyclone  
  161  10:51  Hellion x2  
  161  10:52  Hellion  
  161  10:53  Hellion  
  169  10:57  Command Center  
  169  11:10  Command Center  
  169  11:11  Command Center  
  169  11:16  Siege Tank  
  169  11:17  Siege Tank  
  178  11:18  Siege Tank  
  169  11:33  Factory Tech Lab x2  
  169  11:37  Hellion x2  
  169  11:38  Hellion x2  
  169  11:39  Banshee  
  180  11:48  Siege Tank  
  180  11:49  Siege Tank  
  186  11:57  Starport  
  186  11:58  Starport  
  186  12:00  Starport x2  
  186  12:04  Armory  
Tags
 
Add a new tag
Caveats
  • Supply blocks, unpowered buildings, or Contaminate may cause inaccurate times.
  • Supply counts are checked every 10 seconds.